AoeStats
← Twix

Arabia

508807993Analyzed
2v2 RM · 6d ago on Sep 24, 2026· 30m 15s· 4 players
Game mode
Random Map
Map size
Medium (4 player)
Population
200
Speed
Normal
Resources
Standard
Victory
Conquest
Starting age
Dark Age
Ending age
Imperial Age
RankedLock teamsTeams togetherTeam positionsShared explorationLock speedFull tech treeHidden civsTurbo modeCheats
Victory
Defeat
🇨🇴 Tupi · Colombia
1520
+10
🇦🇷 Dravidians · Argentina
1309
+18
🇺🇸 Persians · United States
1373
-14
🇺🇸 Mongols · United States
1373
-14
dgekelman
8:59 Feudal Age
9:19 Double-Bit Axe
10:34 Loom
14:51 Wheelbarrow
20:57 Castle Age
19:27 Horse Collar
19:51 Gold Mining
20:41 Bloodlines
23:07 Scale Barding Armor
25:46 Bow Saw
26:06 Chain Barding Armor
26:27 Husbandry
Twix
6:11 Loom
8:31 Feudal Age
9:08 Double-Bit Axe
11:42 Horse Collar
22:04 Castle Age
20:25 Fletching
21:58 Padded Archer Armor
22:19 Bloodlines
22:58 Bodkin Arrow
24:29 Ballistics
24:08 Gold Mining
TVHG.LALO_CAESTA
7:06 Loom
11:05 Feudal Age
15:09 Castle Age
14:54 Fletching
18:21 Bodkin Arrow
20:31 Padded Archer Armor
23:22 Town Watch
24:12 Wheelbarrow
23:27 Double-Bit Axe
25:18 Ballistics
TVHG.Vladdd
7:02 Loom
9:41 Feudal Age
13:46 Double-Bit Axe
16:10 Horse Collar
22:27 Castle Age
21:04 Gold Mining
22:27 Fletching
22:39 Padded Archer Armor
23:35 Bow Saw
22:55 Pikeman
23:07 Pikeman
23:58 Scale Mail Armor
26:48 Wheelbarrow
27:27 Arson
28:22 Bodkin Arrow
30:46 Squires
Connection lost

Rejoining the realm…

Still unreachable

The connection could not be restored.

Session expired

The server has moved on; the page needs a fresh start.